 Dungeon Crawl Stone Soup version 0.30.1-4-g462c640d31 (webtiles) character file.

Game seed: 3685100097771807072

36418 booth the Severer (level 13, -5/117 HPs)
             Began as a Hill Orc Fighter on Sept 1, 2023.
             Was a High Priest of Beogh.
             Slain by a death yak (7 damage)
             ... on level 5 of the Lair of Beasts.
             The game lasted 01:41:51 (18047 turns).

booth the Severer (Hill Orc Fighter)               Turns: 18047, Time: 01:41:51

Health: -5/117     AC: 25    Str: 22    XL:     13   Next: 90%
Magic:  20/20      EV:  8    Int:  8    God:    Beogh [*****.]
Gold:   880        SH: 11    Dex: 13    Spells: 12/12 levels left

rFire   + . .        E - +4 flail
rCold   + . .        q - +0 kite shield
rNeg    . . .        h - +7 chain mail of the Game of Kings {rF+ Dex-5 SInv}
rPois   .            n - +1 helmet
rElec   .            W - +1 cloak of Hangman {rC+ SInv Stlth-}
rCorr   .            (no gloves)
SInv    +            S - +0 pair of boots
Will    .....        (no amulet) Stlth
                     k - +4 ring of slaying
HPRegen 0.39/turn    U - +6 ring of dexterity
MPRegen 0.17/turn

%: no passive effects
@: about to teleport
A: walk on water
a: Renounce Religion, Smiting, Recall Orcish Followers, Give Item to Named
Follower


You were on level 5 of the Lair of Beasts.
You worshipped Beogh.
Beogh was extremely pleased with you.
You visited 3 branches of the dungeon, and saw 16 of its levels.
You also visited: Sewer.

You collected 880 gold pieces.

Inventory:

Hand Weapons
 a - a +2 war axe
 g - a +0 battleaxe
 D - the +8 Wrath of Trog {antimagic, *Rage Rampage}
   (You found it on level 6 of the Dungeon)

   It causes slowness and exhaustion when equipped.
   It extends the wielder's berserk rage when killing foes.
   *Rage:     It berserks you when you make melee attacks (+50% chance).
   Rampage:   It bestows one free step when moving towards enemies.
 E - a +4 flail (weapon)
Missiles
 u - 2 curare-tipped darts
 w - 46 poisoned darts (quivered)
 y - 7 javelins
 A - 4 boomerangs
Armour
 b - a +0 scale mail
 h - the +7 chain mail of the Game of Kings (worn) {rF+ Dex-5 SInv}
   (You acquired it on level 4 of the Dungeon)

   Dex:       It affects your dexterity (-5).
   rF:        It protects you from fire.
   SInv:      It lets you see invisible.
 n - a +1 helmet (worn)
 q - a +0 kite shield (worn)
 S - a +0 pair of boots (worn)
 W - the +1 cloak of Hangman (worn) {rC+ SInv Stlth-}
   (You found it on level 3 of the Lair of Beasts)

   rC:        It protects you from cold.
   SInv:      It lets you see invisible.
   Stlth:     It makes you less stealthy.
Jewellery
 k - a +4 ring of slaying (left hand)
 m - a +5 ring of evasion
 t - a ring of resist corrosion
 F - a ring of positive energy
 H - an amulet of faith
 P - a ring of flight
 Q - a ring of ice
 T - a ring of ice
 U - a +6 ring of dexterity (right hand)
Wands
 j - a wand of charming (7)
 B - a wand of light (15)
 C - a wand of iceblast (10)
 G - a wand of flame (20)
 J - a wand of digging (9)
 K - a wand of mindburst (14)
Scrolls
 e - 2 scrolls of fog
 i - 3 scrolls of poison
 l - 4 scrolls of fear
 o - a scroll of magic mapping
 s - 8 scrolls of teleportation
 z - 2 scrolls of silence
 I - 6 scrolls of identify
 O - a scroll of amnesia
 X - a scroll of torment
Potions
 c - 2 potions of haste
 d - 6 potions of might
 f - 3 potions of heal wounds
 p - 3 potions of curing
 v - a potion of cancellation
 x - 4 potions of berserk rage
 L - 2 potions of ambrosia
 M - 4 potions of mutation
 N - a potion of magic
 R - a potion of resistance
 V - a potion of invisibility


   Skills:
 + Level 11.7 Fighting
 * Level 16.8(16.9) Axes
 + Level 2.1(9.5) Maces & Flails
 + Level 7.9 Throwing
 - Level 10.5 Armour
 + Level 1.8 Dodging
 + Level 2.1 Stealth
 - Level 10.3 Shields
 + Level 9.6 Invocations


You had 12 spell levels left.
You didn't know any spells.
Your spell library contained the following spells:

 Spells                   Type           Power      Damage    Failure   Level
 Apportation              Tloc           0%         N/A       98%         1
 Freeze                   Ice            0%         1d3       98%         1
 Kiss of Death            Conj/Necr      0%         2d5       98%         1
 Necrotise                Necr           0%         1d4       98%         1
 Sandblast                Erth           0%         2d4       98%         1
 Summon Small Mammal      Summ           0%         N/A       98%         1
 Ensorcelled Hibernation  Hex/Ice        0%         N/A       99%         2
 Passwall                 Tmut/Erth      0%         N/A       99%         2
 Scorch                   Fire           0%         2d5       99%         2
 Confusing Touch          Hex            0%         N/A       100%        3
 Dazzling Flash           Conj/Hex       0%         N/A       100%        3
 Frozen Ramparts          Ice            0%         1d1       100%        3
 Hailstorm                Conj/Ice       0%         3d3       100%        3
 Spider Form              Tmut/Pois      0%         N/A       100%        3
 Stone Arrow              Conj/Erth      0%         3d7       100%        3
 Volatile Blastmotes      Fire/Tloc      0%         2d10      100%        3
 Anguish                  Hex/Necr       0%         N/A       100%        4
 Animate Armour           Summ/Erth      0%         N/A       100%        4
 Dispel Undead            Necr           0%         3d6       100%        4
 Flame Wave               Conj/Fire      0%         2d4       100%        4
 Ice Form                 Ice/Tmut       0%         N/A       100%        4
 Iskenderun's Mystic Bla  Conj/Tloc      0%         2d3       100%        4
 Manifold Assault         Tloc           0%         N/A       100%        4
 Summon Ice Beast         Ice/Summ       0%         N/A       100%        4
 Blade Hands              Tmut           0%         N/A       100%        5
 Conjure Ball Lightning   Conj/Air       0%         3x3d6     100%        6
 Dispersal                Tloc           0%         N/A       100%        6
 Iron Shot                Conj/Erth      0%         9d1       100%        6
 Starburst                Conj/Fire      0%         6d3       100%        6
 Summon Cactus Giant      Summ           0%         N/A       100%        6
 Discord                  Hex            0%         N/A       100%        8
 Disjunction              Tloc           0%         N/A       100%        8


Dungeon Overview and Level Annotations

Branches:
Dungeon (10/15)            Temple (1/1) D:5            Lair (5/5) D:10
 Shoals (0/4) Lair:3       Spider (0/4) Lair:3        Slime (0/5) Lair:4
    Orc (0/2) D:10          Sewer (visited)

Altars:
Ashenzari
Cheibriados
Dithmenos
Elyvilon
Fedhas
Gozag
Hepliaklqana
Kikubaaqudgha
Makhleb
Nemelex Xobeh
Okawaru
Qazlal
Ru
Sif Muna
Trog
Uskayaw
Vehumet
Wu Jian
Xom
Yredelemnul
Zin
The Shining One
Jiyva

Annotations:
Lair:5 1 runed translucent door, BillyBaka's ghost, journeyman GnHu


Message History

The death yak attacks as you move away! The death yak gores you.
* * * LOW HITPOINT WARNING * * *
Bladwarg hits the death yak from afar with a +1 halberd!!
The yak gores Bladwarg!
As you read the scroll of teleportation, it crumbles to dust.
You feel strangely unstable.
Bladwarg hits the yak with a +1 halberd!
The four-headed hydra barely misses you.
The four-headed hydra closely misses you.
The four-headed hydra bites you but does no damage. x2
You block the komodo dragon's attack.
The yak gores Bladwarg but does no damage. x2
E - a +4 flail (weapon)
Bladwarg barely misses the yak.
The four-headed hydra bites you!
* * * LOW HITPOINT WARNING * * *
The four-headed hydra bites you!
* * * LOW HITPOINT WARNING * * *
The four-headed hydra bites you but does no damage. x2
You thump the four-headed hydra!
The four-headed hydra is lightly wounded.
The yak barely misses Bladwarg.
The komodo dragon barely misses you.
The death yak gores you but does no damage.
You block the death yak's attack.
Bladwarg barely misses the yak.
The four-headed hydra bites you but does no damage. x2
You block the four-headed hydra's attack.
The four-headed hydra bites you but does no damage.
You thump the four-headed hydra!
The four-headed hydra is moderately wounded.
The yak barely misses Bladwarg.
The death yak gores you.
* * * LOW HITPOINT WARNING * * *
The komodo dragon bites you!
* * * LOW HITPOINT WARNING * * *
Bladwarg hits the four-headed hydra with a +1 halberd!!
You block the four-headed hydra's attack. x2
The four-headed hydra bites you but does no damage.
You block the four-headed hydra's attack.
You hit the four-headed hydra.
The four-headed hydra is severely wounded.
The komodo dragon barely misses you. The death yak gores you!
You die...

#........###
#P.....#..# .#
###.P...#.### .
#####.#...#. .#
###....##.## .
...#.......#..#..
.....<..........#
.......oYY....#.#
......†YD@Y.#.!##
...?....lY.....#
.........Y...P.#
.................
.................
#................
...............##
..#............P


You could see 4 death yaks, a four-headed hydra, a komodo dragon, 2 yaks and the
friendly Bladwarg the orc knight.

Vanquished Creatures
  A hydra (Lair:5)
  A two-headed ogre (D:10)
  7 death yaks
  A cyclops (D:8)
  An oklob plant (Lair:2)
  6 elephants
  Joseph (D:9)
  A black mamba (Lair:5)
  A gargoyle (D:10)
  A rime drake (Lair:1)
  6 cane toads
  A kobold demonologist (D:9)
  A komodo dragon (Lair:2)
  2 polar bears
  A meliai (Lair:3)
  15 blink frogs
  A hornet (D:7)
  A shadow (D:10)
  A wyvern (Lair:3)
  3 wraiths
  33 yaks
  Grum (D:8)
  A steam dragon (D:6)
  3 basilisks
  Menkaure (D:5)
  An acid dragon (D:9)
  10 water moccasins
  An ice beast (D:6)
  9 orc warriors
  A sky beast (D:7)
  2 black bears
  An ogre (D:7)
  15 wolves
  3 centaurs
  3 phantoms (D:5)
  4 kobold brigands
  2 bullfrogs
  Blork the orc (D:5)
  6 scorpions
  4 wights (D:8)
  8 jellies
  13 killer bees
  7 howler monkeys
  2 gnoll boudas
  5 hounds
  2 orc priests
  3 sleepcaps
  Jessica (D:2)
  3 iguanas
  Ijyb (D:5)
  2 hell rats (Lair:5)
  21 orc wizards
  16 adders
  18 gnolls
  2 river rats
  4 ufetubi
  4 worms
  3 dart slugs
  34 orcs
  24 endoplasms
  2 giant cockroaches
  3 goblins
  3 hobgoblins
  8 ball pythons
  9 bats
  A frilled lizard (D:1)
  23 kobolds
  13 rats
  A spectral weapon (D:9)
391 creatures vanquished.

Vanquished Creatures (collateral kills)
  Josephine (Lair:4)
  A hydra (Lair:4)
  A boulder beetle (Lair:5)
  A skyshark (Lair:3)
  2 lindwurms
  A black mamba (Lair:4)
  A torpor snail (Lair:5)
  2 cane toads
  A komodo dragon (Lair:1)
  2 rime drakes (Lair:5)
  A polar bear (Lair:4)
  11 blink frogs
  2 wyverns
  A wraith (Lair:4)
  18 yaks
  A basilisk (Lair:1)
  5 water moccasins
  5 wolves
  A killer bee (Lair:3)
  An electric eel (Lair:3)
  An orc wizard (D:10)
  5 hell rats (Lair:5)
65 creatures vanquished.

Vanquished Creatures (others)
  2 orc warriors
  An orc priest (Lair:3)
  A gnoll bouda (D:9)
  An orc (D:10)
5 creatures vanquished.

Grand Total: 461 creatures vanquished

Notes
Turn   | Place    | Note
-------+----------+-------------------------------------------
     0 | D:1      | booth the Hill Orc Fighter began the quest for the Orb.
     0 | D:1      | Reached XP level 1. HP: 19/19 MP: 1/1
   138 | D:1      | Reached skill level 3 in Axes
   138 | D:1      | Reached XP level 2. HP: 26/27 MP: 2/2
   148 | D:1      | Found a faded altar of an unknown god.
   747 | D:2      | Noticed Jessica
   753 | D:2      | Reached XP level 3. HP: 33/33 MP: 3/3
   758 | D:2      | Killed Jessica
  1049 | D:2      | Reached XP level 4. HP: 40/40 MP: 4/4
  1792 | D:3      | Reached skill level 4 in Axes
  1829 | D:3      | Reached XP level 5. HP: 46/47 MP: 5/5
  2315 | D:3      | Found a white marble altar of Elyvilon.
  2381 | D:4      | Reached skill level 5 in Fighting
  2381 | D:4      | Reached skill level 5 in Axes
  2381 | D:4      | Reached XP level 6. HP: 40/56 MP: 6/6
  2703 | D:4      | Found a glowing drain.
  2711 | Sewer    | Entered a sewer
  2760 | Sewer    | Reached skill level 6 in Axes
  2760 | Sewer    | Reached skill level 5 in Armour
  2760 | Sewer    | Reached XP level 7. HP: 54/61 MP: 7/7
  2958 | Sewer    | Reached skill level 5 in Shields
  3457 | D:4      | Reached skill level 1 in Throwing
  3465 | D:4      | Reached skill level 7 in Axes
  3694 | D:4      | Found a broken altar of Ashenzari.
  3724 | D:4      | Found an opulent altar of Gozag.
  3848 | D:4      | Identified a scroll of acquirement
  3848 | D:4      | Acquired the +7 chain mail of the Game of Kings {rF+ Dex-5
                  | SInv}
  3956 | D:5      | Entered Level 5 of the Dungeon
  3980 | D:5      | Reached XP level 8. HP: 70/70 MP: 8/8
  4181 | D:5      | Noticed Menkaure
  4188 | D:5      | Killed Menkaure
  4286 | D:5      | Reached skill level 8 in Axes
  4471 | D:5      | Found a staircase to the Ecumenical Temple.
  4485 | Temple   | Entered the Ecumenical Temple
  4721 | D:5      | Noticed Ijyb
  4734 | D:5      | Killed Ijyb
  5145 | D:5      | Noticed Blork the orc
  5154 | D:5      | Killed Blork the orc
  5271 | D:4      | Reached skill level 9 in Axes
  5307 | D:4      | Reached XP level 9. HP: 78/78 MP: 9/9
  5396 | D:6      | Found a shimmering altar of Xom.
  5397 | D:6      | Became a worshipper of Beogh the Brigand
  5753 | D:6      | Found a shadowy altar of Dithmenos.
  5762 | D:6      | Found the +8 Wrath of Trog {antimagic, *Rage Rampage}
  5767 | D:6      | Found a burning altar of Makhleb.
  5909 | D:6      | Found an iron altar of Okawaru.
  6479 | D:7      | Reached skill level 10 in Axes
  6590 | D:7      | Reached * piety under Beogh
  6738 | D:7      | Found a hide-covered altar of Uskayaw.
  7117 | D:7      | Found a hazy altar of Hepliaklqana.
  7173 | D:7      | Noticed a hornet
  7174 | D:7      | Paralysed by a hornet for 1 turns
  7182 | D:7      | Killed a hornet
  7183 | D:7      | Reached skill level 1 in Invocations
  7183 | D:7      | Reached XP level 10. HP: 49/88 MP: 10/10
  7597 | D:7      | Found a sparkling altar of Nemelex Xobeh.
  7901 | D:8      | Reached skill level 11 in Axes
  8180 | D:8      | Noticed Grum
  8180 | D:8      | Noticed a cyclops
  8498 | D:8      | Killed a cyclops
  8585 | D:8      | Killed Grum
  8599 | D:8      | Reached ** piety under Beogh
  8819 | D:8      | Found a radiant altar of Vehumet.
  8832 | D:8      | Found an ancient bone altar of Kikubaaqudgha.
  8863 | D:8      | Got Kikubaaqudgha's Vellum of Unspeakable Magic
  8871 | D:8      | Found a shimmering blue altar of Sif Muna.
  8926 | D:9      | Noticed Joseph
  9256 | D:9      | Noticed a kobold demonologist
  9265 | D:9      | Noticed a sun demon
  9277 | D:9      | Noticed an orange demon
  9278 | D:9      | Killed a kobold demonologist
  9279 | D:9      | Reached skill level 12 in Axes
  9450 | D:9      | Killed Joseph
  9451 | D:9      | Reached skill level 5 in Throwing
 10131 | D:9      | Found a glowing silver altar of Zin.
 10205 | D:9      | Found a snail-covered altar of Cheibriados.
 10313 | D:10     | Entered Level 10 of the Dungeon
 10324 | D:10     | Found a stormy altar of Qazlal.
 10341 | D:10     | Reached XP level 11. HP: 95/95 MP: 14/14
 10433 | D:10     | Noticed a two-headed ogre
 10460 | D:10     | Killed a two-headed ogre
 10468 | D:10     | Reached *** piety under Beogh
 10707 | D:10     | Found a staircase to the Orcish Mines.
 10755 | D:10     | Reached skill level 5 in Invocations
 11044 | D:10     | Found a staircase to the Lair.
 11131 | D:10     | Reached skill level 13 in Axes
 11578 | Lair:1   | Entered Level 1 of the Lair of Beasts
 12910 | Lair:2   | You fall into a shaft and drop 1 floor!
 13038 | Lair:2   | Noticed a death yak
 13055 | Lair:2   | Noticed a death yak
 13056 | Lair:2   | Noticed a death yak
 13060 | Lair:2   | Noticed a death yak
 13061 | Lair:2   | Killed a death yak
 13063 | Lair:2   | Noticed a death yak
 13064 | Lair:2   | Noticed a death yak
 13072 | Lair:2   | Killed a death yak
 13084 | Lair:2   | Killed a death yak
 13085 | Lair:2   | Reached skill level 14 in Axes
 13085 | Lair:2   | Reached XP level 12. HP: 57/106 MP: 16/16
 13104 | Lair:2   | Killed a death yak
 13105 | Lair:2   | Reached skill level 10 in Fighting
 13651 | Lair:2   | Killed a death yak
 13669 | Lair:2   | Killed a death yak
 14074 | Lair:2   | Reached **** piety under Beogh
 14081 | Lair:2   | Reached skill level 15 in Axes
 14157 | Lair:2   | Found a shimmering altar of Xom.
 14995 | Lair:3   | Reached skill level 10 in Armour
 15415 | Lair:3   | Found a hole to the Spider Nest.
 15440 | Lair:3   | Identified the +1 cloak of Hangman {rC+ SInv Stlth-}
 15549 | Lair:3   | Found a staircase to the Shoals.
 15735 | Lair:3   | Gained Bladwarg as an ally
 15745 | Lair:3   | Reached XP level 13. HP: 113/115 MP: 19/19
 15752 | Lair:3   | Reached skill level 10 in Shields
 16559 | Lair:4   | Reached ***** piety under Beogh
 16560 | Lair:4   | Noticed Josephine
 16572 | Lair:4   | Killed Josephine
 16573 | Lair:4   | Reached skill level 16 in Axes
 16888 | Lair:4   | Found a staircase to the Slime Pits.
 16888 | Lair:4   | Found a viscous altar of Jiyva.
 17323 | Lair:5   | Entered Level 5 of the Lair of Beasts
 17337 | Lair:5   | Reached skill level 1 in Stealth
 17341 | Lair:5   | Reached skill level 1 in Dodging
 17434 | Lair:5   | Reached skill level 1 in Maces & Flails
 17590 | Lair:5   | Found a runed translucent door.
 17591 | Lair:5   | Noticed BillyBaka's ghost (journeyman GnHu)
 18046 | Lair:5   | HP: 1/117 [komodo dragon (12)]
 18047 | Lair:5   | Slain by a death yak

Illustrated notes

Levels and vault maps discovered:
D:1:      dpeg_arrival_three_bigger_balls, layout_loops_ring,
          shapermc_ecumenical_altar_petra
D:2:      layout_basic, uniq_jessica
D:3:      layout_loops_ring, nicolae_elyvilon_temple_path,
          nicolae_figureground_sparkle
D:4:      kennysheep_big_flooded_room, layout_rooms, kennysheep_mini_moat,
          lemuel_round_altar, lightli_sewer_entry_pipes,
          amcnicky_mini_corridor_feature
D:5:      layout_layer_cave, minmay_temple_entry_purple_smoke, uniq_ijyb,
          uniq_blork_the_orc, uniq_menkaure
D:6:      layout_basic, okawaru_altar_gauntlet_db,
          grunt_dithmenos_smoke_and_mirrors, mainiacjoe_overflow_alcove_4,
          old_standard_altar
D:7:      layout_loops_corners, mainiacjoe_overflow_concentric_impassable,
          nemelex_spade_bored_becter, nicolae_overflow_crystal_walls,
          minmay_misc_feat_alley, nicolae_titane
D:8:      layout_loops_ring, palyth_temple_overflow_mages, uniq_grum
D:9:      layout_long_grid, general_overflow_altar, zin_scriptorium, uniq_joseph
D:10:     layout_loops_ring, lemuel_round_altar, david_lair_generic,
          david_orc_4, item_on_display_a
Temple:   hellmonk_temple_rainy
Lair:1:   layout_misc_corridors, grunt_megastairs_1
Lair:2:   lemuel_slime, layout_regular_city, basic_altar, st_stairs_7,
          grunt_megastairs_4
Lair:3:   layout_cave_pods, elwin_shoals_entry_rocks,
          hellmonk_spider_entry_not_the_bees, serial_bayou_lake_a,
          lemuel_fruit_tree
Lair:4:   layout_misc_corridors, slime_entry_1, grunt_megastairs_3,
          uniq_josephine
Lair:5:   evilmike_catoblepas_cave, layout_cave_shapes, gammafunk_ghost_grave,
          serial_bayou_pond_a, grunt_megastairs_5

Skill      XL: |  1  2  3  4  5  6  7  8  9 10 11 12 13 |
---------------+----------------------------------------+-----
Axes           | 3 4 5 6 7 9 10 12 14 15 16 | 16.8
Fighting       | 4 5 6 7 8 9 10 11 | 11.7
Armour         | 4 5 6 7 8 9 10 | 10.5
Shields        | 4 5 6 7 8 9 10 | 10.3
Throwing       | 1 2 4 5 6 7 |  7.9
Invocations    | 1 4 6 8 9 |  9.6
Stealth        | 2 |  2.1
Dodging        | 1 |  1.8
Maces & Flails | 2 |  2.1

Action                     |  1- 3 |  4- 6 |  7- 9 | 10-12 | 13-15 || total
---------------------------+-------+-------+-------+-------+-------++-------
  Melee: War axe           |    54 |   128 |   348 |   655 |   184 ||  1369
         Flail             |       |       |       |       |    15 ||    15
  Throw: Dart              |       |       |     1 |    34 |     4 ||    39
         Javelin           |       |       |       |    16 |     1 ||    17
 Invoke: Convert to Beogh  |       |       |     1 |       |       ||     1
         Recall Orcish Fol |       |       |       |     1 |     2 ||     3
         Smiting           |       |       |       |       |     1 ||     1
  Evoke: Wand              |       |       |       |     1 |       ||     1
    Use: Scroll            |       |     8 |     5 |    10 |     3 ||    26
         Potion            |       |     3 |     6 |     7 |     2 ||    18
   Stab: Distracted        |       |       |       |       |     4 ||     4
 Armour: Scale mail        |    22 |    77 |    42 |       |       ||   141
         Chain mail        |       |       |   178 |   345 |   130 ||   653
  Dodge: Dodged            |    24 |    58 |   108 |   177 |    65 ||   432
  Block: Buckler           |    12 |    34 |    16 |       |       ||    62
         Kite shield       |       |       |   131 |   294 |   135 ||   560
